 Dungeon Crawl Stone Soup version 0.23-a0-4-g8f018a2 (webtiles) character file.

208 prawnwizard the Slasher (level 5, 0/41 HPs)
             Began as a Demonspawn Gladiator on July 31, 2018.
             Was a Follower of Okawaru.
             Slain by a quokka (1 damage)
             ... summoned by Eustachio
             ... on level 4 of the Dungeon.
             The game lasted 00:03:23 (2700 turns).

prawnwizard the Slasher (Demonspawn Gladiator)      Turns: 2700, Time: 00:03:24

Health: 0/41       AC:  8    Str: 15      XL:     5   Next: 55%
Magic:  5/5        EV: 13    Int:  9      God:    Okawaru [*.....]
Gold:   186        SH:  0    Dex: 11 (15) Spells: 4/4 levels left

rFire    + . .     SeeInvis .   k - +0 falchion
rCold    . . .     Gourm    .   (no shield)
rNeg     . . .     Faith    .   b - +1 leather armour
rPois    .         Spirit   .   s - +2 hat
rElec    .         Reflect  .   (no cloak)
rCorr    .         Harm     .   (no gloves)
MR       .....                  (no boots)
Stlth    ..........             (no amulet)
HPRegen  0.13/turn              o - ring of attention (curse)
MPRegen  0.09/turn              (no ring)

@: no status effects
A: antennae 1, iridescent scales 1, fire resistance 1
a: Heroism, Renounce Religion


You were on level 4 of the Dungeon.
You worshipped Okawaru.
Okawaru was aware of your devotion.
You were not hungry.

You visited 1 branch of the dungeon, and saw 4 of its levels.

You collected 186 gold pieces.

Inventory:

Hand Weapons
 a - a +0 long sword
 k - a +0 falchion (weapon)
Missiles
 d - 3 throwing nets (quivered)
Armour
 b - a +1 leather armour (worn)
 c - a +0 buckler
 s - a +2 hat (worn)
Jewellery
 o - a cursed ring of attention (left hand)
Potions
 e - 2 potions of heal wounds
 g - a potion of mutation {unknown}
 i - a potion of brilliance {unknown}
 j - a potion of curing {unknown}
 m - a potion of haste {unknown}
 n - a potion of lignification {unknown}
Comestibles
 f - 5 rations
 h - 12 chunks of flesh


   Skills:
 + Level 3.3 Fighting
 * Level 4.5 Long Blades
 - Level 1.7 Throwing
 + Level 3.6 Dodging


You had 4 spell levels left.
You didn't know any spells.
Your spell library contained the following spells:

 Spells                   Type           Power        Failure   Level  Hunger
 Confuse                  Hex            #.......     83%         3    ####...
 Tukima's Dance           Hex            #.......     83%         3    ####...
 Ensorcelled Hibernation  Hex/Ice        #.....       58%         2    ###....
 Corona                   Hex            #......      45%         1    ##.....
 Dazzling Spray           Conj/Hex       #.....       83%         3    ####...


Dungeon Overview and Level Annotations

Branches:
Dungeon (4/15)
 Temple: D:4-7

Altars:
Okawaru

Annotations:
D:4 Eustachio


Innate Abilities, Weirdness & Mutations

You have a pair of small antennae on your head.
You are partially covered in iridescent scales. (AC +2)
Your flesh is heat resistant. (rF+)


Message History

The giant cockroach bites you.
* * * LOW HITPOINT WARNING * * *
The quokka twitches its whiskers.
Eustachio hits you with a rapier.
* * * LOW HITPOINT WARNING * * *
The quasit bites you but does no damage.
The quasit closely misses you. x2; The giant cockroach closely misses you.
You barely miss the giant cockroach.
The quasit bites you but does no damage.
The quasit claws you but does no damage.
The quasit misses you. Eustachio barely misses you.
The giant cockroach misses you.
You riposte.
You barely miss the giant cockroach.
Unknown command.
You miss the quasit.
The quasit is heavily wounded.
The quasit disappears in a puff of smoke!
Eustachio hits you but does no damage. The giant cockroach barely misses you.
The quokka bites you.
You die...

#..... #
#....#####
#.#........#
#.#........#
#####.#........#
...............#
######...†.#####..
.##...@§r......
........rs@.......
.........#.##..##.
##.###....... ....
# #.#.#..#..##.
#.#.##.# .# #.#.#
.. # ....# #.. ..


You could see Eustachio, a river rat, a quokka and a giant cockroach.

Vanquished Creatures
  A howler monkey (D:4)
  A bullfrog skeleton (D:3)
  An orc wizard (D:3)
  2 adders
  An ooze (D:3)
  A worm (D:2)
  7 dart slugs
  3 leopard geckos
  4 orcs (D:3)
  5 giant cockroaches
  6 goblins
  7 hobgoblins
  A quokka (D:3)
  A ball python (D:2)
  11 bats
  7 frilled lizards
  10 kobolds
  6 rats
75 creatures vanquished.

Notes
Turn   | Place    | Note
-------+----------+-------------------------------------------
     0 | D:1      | prawnwizard the Demonspawn Gladiator began the quest for the Orb.
     0 | D:1      | Reached XP level 1. HP: 16/16 MP: 1/1
   185 | D:1      | Reached skill level 3 in Long Blades
   188 | D:1      | Gained mutation: Your flesh is heat resistant. (rF+) [demonic ancestry]
   188 | D:1      | Reached XP level 2. HP: 18/22 MP: 2/2
  1238 | D:2      | Reached XP level 3. HP: 28/28 MP: 3/3
  1637 | D:2      | Found a faded altar of an unknown god.
  1651 | D:2      | Gained mutation: You are partially covered in iridescent scales. (AC +2) [demonic ancestry]
  1651 | D:2      | Reached XP level 4. HP: 4/34 MP: 4/4
  2009 | D:2      | Became a worshipper of Warmaster Okawaru
  2009 | D:2      | Reached * piety under Okawaru
  2321 | D:3      | Reached skill level 4 in Long Blades
  2629 | D:3      | Gained mutation: You have a pair of small antennae on your head. [demonic ancestry]
  2629 | D:3      | Reached XP level 5. HP: 38/41 MP: 5/5
  2676 | D:4      | Noticed Eustachio
  2698 | D:4      | HP: 2/41 [giant cockroach (2)]
  2700 | D:4      | Slain by a quokka

Vault maps used:
D:1:      saegor_arrival_simple_d, solitary_fountain, minmay_misc_feat_columns,
          minmay_misc_feat_chi
D:2:      chequers_ecumenical_altar_grove
D:4:      first_ration, ashenzari_altar_1, uniq_pikel, uniq_eustachio

Skill      XL: |  1  2  3  4 |
---------------+-------------+-----
Long Blades    | 3 4 |  4.5
Dodging        | 3 |  3.6
Fighting       | 3 |  3.3
Throwing       | |  1.7

Action                   |  1- 3 |  4- 6 || total
-------------------------+-------+-------++-------
Melee: Long sword        |   128 |    57 ||   185
       Falchion          |       |    25 ||    25
  Use: Scroll            |       |     7 ||     7
 Stab: Sleeping          |     1 |       ||     1
  Eat: Chunk             |     3 |     3 ||     6
Armor: Leather armour    |    43 |    71 ||   114
Dodge: Dodged            |   111 |   129 ||   240
       Rpst.: Long sword |    28 |    16 ||    44
       Falchion          |       |    17 ||    17

Table legend:
 A = Spawn XP
 B = Non-spawn XP
 C = Spawn XP percentage of total XP
 D = Spawn monster count
 E = Non-spawn monster count
 F = Spawn count percentage of total count
 G = Total turns spent on level
                    A         B        C        D         E        F      G
               +---------+---------+-------+---------+---------+-------+---------
         Total |       0 |     298 |   0.0 |       0 |      75 |   0.0 |  2700
               +---------+---------+-------+---------+---------+-------+---------
           D:1 |       0 |      37 |   0.0 |       0 |      23 |   0.0 |  1218
           D:2 |       0 |      61 |   0.0 |       0 |      28 |   0.0 |   854
           D:3 |       0 |     133 |   0.0 |       0 |      22 |   0.0 |   594
           D:4 |       0 |      67 |   0.0 |       0 |       2 |   0.0 |    34
               +---------+---------+-------+---------+---------+-------+---------
